 Dungeon Crawl Stone Soup version 0.30-a0-568-g124715a40b (webtiles) character file.

Game seed: 6048661938715406235

34 Jase the Sneak (level 3, 0/21 HPs)
             Began as a Kobold Brigand on Dec 28, 2022.
             Slain by Jessica
             ... wielding a +0 club
              (7 damage)
             ... on level 2 of the Dungeon.
             The game lasted 00:02:17 (890 turns).

Jase the Sneak (Kobold Brigand)                      Turns: 890, Time: 00:02:18

Health: 0/21       AC:  3    Str:  8    XL:     3   Next: 50%
Magic:  3/3        EV: 15    Int: 12    God:
Gold:   153        SH:  0    Dex: 18    Spells: 2/2 levels left

rFire   . . .      SeeInvis .    a - +2 dagger
rCold   . . .      Faith    .    (no shield)
rNeg    . . .      Spirit   .    b - +0 robe
rPois   .          Reflect  .    (no helmet)
rElec   .          Harm     .    c - +0 cloak
rCorr   .          Rampage  .    (no gloves)
Will    .....                    (no boots)
Stlth   ++++                     (no amulet)
HPRegen 0.23/turn                (no ring)
MPRegen 0.08/turn                (no ring)

@: no status effects
A: small, no large weapons, nightstalker 3
a: no special abilities


You were on level 2 of the Dungeon.
You visited 1 branch of the dungeon, and saw 2 of its levels.

You collected 153 gold pieces.

Inventory:

Hand Weapons
 a - a +2 dagger (weapon)
Missiles
 d - 13 poisoned darts (quivered)
 e - 3 curare-tipped darts
 h - 20 stones
 j - 6 boomerangs
Armour
 b - a +0 robe (worn)
 c - a +0 cloak (worn)
Scrolls
 f - a scroll of poison {unknown}
 g - 4 scrolls of identify {unknown}
 i - a scroll of noise {unknown}
Potions
 k - a potion of haste {unknown}
 l - a potion of magic {unknown}


   Skills:
 - Level 2.1 Fighting
 * Level 3.9 Short Blades
 - Level 2.1 Throwing
 + Level 2.1 Dodging
 + Level 5.7 Stealth


You had 2 spell levels left.
You didn't know any spells.
Your spell library was empty.

Dungeon Overview and Level Annotations

Branches:
Dungeon (2/15)

Altars:

Annotations:
D:2 Jessica


Innate Abilities, Weirdness & Mutations

You are small and have problems with some larger weapons.
You are completely attuned to the shadows.


Message History

The kobold is moderately wounded.
The kobold misses you.
You hit the kobold.
The kobold is severely wounded.
The kobold completely misses you.
You hit the kobold.
You kill the kobold!
No target in view!
No target in view!
You start resting.
HP restored.
Found a yellow potion.
Things that are here:
a +0 short sword; an adder corpse; a kobold corpse
h - 20 stones (gained 3)
Things that are here:
a +0 club; a kobold corpse
l - a yellow potion A hobgoblin comes into view.
Jessica the Apprentice Sorceress comes into view.
She is wielding a +0 club.
Found a stone staircase leading up.
Jessica shouts!
The hobgoblin shouts!
Jessica casts a spell at you. Pain shoots through your body!
Ouch! That really hurt!
You hit the hobgoblin but do no damage.
Jessica mumbles some strange words.
Jessica seems to speed up.
The hobgoblin misses you.
You closely miss the hobgoblin. The hobgoblin barely misses you.
You hit the hobgoblin.
The hobgoblin is heavily wounded.
The hobgoblin hits you but does no damage.
You hit the hobgoblin.
You kill the hobgoblin!
You see here a hobgoblin corpse.
You closely miss Jessica. Jessica misses you.
Jessica gestures at you while chanting. Pain shoots through your body!
You barely miss Jessica. Jessica hits you with a +0 club!
You die...

#.......#
#.......#
#.......#
#.......#
####.####
.####.#
....#.#
....#.#
...@@.#
....#.#
......#
..#####
.<


You could see Jessica (fast).

Vanquished Creatures
  An adder (D:2)
  3 endoplasms
  2 giant cockroaches
  4 goblins (D:1)
  2 hobgoblins
  5 kobolds
  2 ball pythons (D:2)
  A frilled lizard (D:1)
  2 rats
22 creatures vanquished.

Notes
Turn   | Place    | Note
-------+----------+-------------------------------------------
     0 | D:1      | Jase the Kobold Brigand began the quest for the Orb.
     0 | D:1      | Reached XP level 1. HP: 12/12 MP: 1/1
   111 | D:1      | Reached XP level 2. HP: 17/17 MP: 2/2
   806 | D:2      | Reached XP level 3. HP: 21/21 MP: 3/3
   881 | D:2      | Noticed Jessica
   890 | D:2      | Slain by Jessica

Illustrated notes

Levels and vault maps discovered:
D:1:      eino_arrival_tree_alley, layout_rooms
D:2:      layout_loops_ring, uniq_jessica

Skill      XL: |  1  2  3 |
---------------+----------+-----
Short Blades   | 3 |  3.9
Dodging        | 2 |  2.1
Fighting       | |  2.1
Throwing       | |  2.1
Stealth        | |  5.7

Action                   || total
-------------------------++-------
Melee: Dagger            ||    58
 Stab: Sleeping          ||    11
Armor: Robe              ||     9
Dodge: Dodged            ||    26

Table legend: (Time is in decaauts)
 A = Elapsed time spent in this place.
 B = Non-inter-level travel time spent in this place.
 C = Inter-level travel time spent in this place.
 D = Time resting spent in this place.
 E = Time spent auto-exploring this place.
 F = Levels seen in this place.
 G = Mean time per level.
                   A        B        C        D        E       F      G
               +--------+--------+--------+--------+--------+-----+--------+
         Total |    880 |    848 |     32 |     35 |    658 |   2 |  440.0 |
       Dungeon |    880 |    848 |     32 |     35 |    658 |   2 |  440.0 |
               +--------+--------+--------+--------+--------+-----+--------+

Top non-repeatable levels by time:
     D:1: 577 daAuts
     D:2: 302 daAuts
